 Dungeon Crawl Stone Soup version 0.29.1-2-gbd0b4ee654 (webtiles) character file.

Game seed: 15315355103464189756

271 GorkyZ the Shield-Bearer (level 6, -2/48 HPs)
             Began as a Formicid Fighter on Nov 22, 2022.
             Slain by a two-headed ogre
             ... wielding a +0 giant spiked club
              (32 damage)
             ... on level 4 of the Dungeon.
             The game lasted 00:09:13 (3773 turns).

GorkyZ the Shield-Bearer (Formicid Fighter)         Turns: 3773, Time: 00:09:13

Health: -2/48      AC:  7    Str: 23    XL:     6   Next: 47%
Magic:  6/6        EV: 14    Int:  7    God:
Gold:   135        SH: 10    Dex: 13    Spells: 5/5 levels left

rFire   . . .      SeeInvis +   a - +0 war axe
rCold   . . .      Faith    .   c - +0 buckler
rNeg    + . .      Spirit   .   b - +0 scale mail
rPois   .          Reflect  +   (helmet unavailable)
rElec   .          Harm     .   (no cloak)
rCorr   .          Rampage  .   (no gloves)
Will    .....                   (no boots)
Stlth   ..........              t - amulet of reflection
HPRegen 0.16/turn               h - +4 ring of evasion
MPRegen 0.10/turn               m - ring of positive energy

@: no status effects
A: permanent stasis, dig shafts and tunnels, antennae 3, four strong arms
a: Dig, Shaft Self


You were on level 4 of the Dungeon.
You visited 1 branch of the dungeon, and saw 4 of its levels.

You collected 135 gold pieces.

Inventory:

Hand Weapons
 a - a +0 war axe (weapon)
Missiles
 f - a throwing net
 g - 8 atropa-tipped darts
 l - 7 poisoned darts
Armour
 b - a +0 scale mail (worn)
 c - a +0 buckler (worn)
 y - a +0 plate armour
Jewellery
 e - a ring of magical power
 h - a +4 ring of evasion (left hand)
 m - a ring of positive energy (right hand)
 t - an amulet of reflection (around neck)
Wands
 o - a wand of roots (9)
Scrolls
 i - a scroll of acquirement {unknown}
 p - 3 scrolls of teleportation {unknown}
 r - a scroll of summoning {unknown}
 s - 2 scrolls of silence {unknown}
 v - a scroll of immolation {unknown}
 A - a scroll of identify {unknown}
Potions
 d - 2 potions of might
 j - 3 potions of heal wounds {unknown}
 k - a potion of brilliance {unknown}
 n - a potion of invisibility {unknown}
 q - a potion of haste {unknown}
 u - 5 potions of curing {unknown}
 w - a potion of degeneration {unknown}
 x - a potion of magic {unknown}
 z - a potion of lignification {unknown}


   Skills:
 + Level 3.9 Fighting
 * Level 3.4(3.6) Axes
 + Level 1.5(2.7) Polearms
 + Level 1.8 Throwing
 + Level 3.9 Armour
 + Level 1.4 Dodging
 + Level 4.8 Shields
 + Level 1.7 Evocations


You had 5 spell levels left.
You didn't know any spells.
Your spell library contained the following spells:

 Spells                   Type           Power      Damage    Failure   Level
 Magic Dart               Conj           0%         1d3       80%         1
 Sting                    Tmut/Pois      0%         1d3       80%         1
 Summon Small Mammal      Summ           0%         N/A       80%         1
 Poisonous Vapours        Pois/Air       0%         N/A       91%         2
 Searing Ray              Conj           0%         2d4       91%         2
 Call Canine Familiar     Summ           0%         N/A       99%         3
 Summon Guardian Golem    Hex/Summ       0%         N/A       99%         3
 Fulminant Prism          Conj/Hex       0%         3d6       100%        4
 Olgreb's Toxic Radiance  Pois           0%         N/A       100%        4
 Borgnjor's Revivificati  Necr           0%         N/A       100%        8
 Necromutation            Tmut/Necr      0%         N/A       100%        8
 Death's Door             Necr           0%         N/A       100%        9


Dungeon Overview and Level Annotations

Branches:
Dungeon (4/15)
 Temple: D:4-7

Altars:

Shops:
D:1 *   D:3 [[**[   D:4 *

Annotations:
D:2 1 runed translucent door, Crazy Yiuf


Innate Abilities, Weirdness & Mutations

You cannot be hasted, slowed, berserked, paralysed or teleported.
You can dig through walls and to a lower floor.
You have a pair of large antennae on your head. (SInv)
Your four strong arms can wield two-handed weapons with a shield.


Message History

The hound bites you but does no damage. The hound closely misses you.
You hit the hound.
The hound is moderately wounded.
You block the hound's attack. The hound bites you but does no damage.
You closely miss the hound.
The hound is moderately wounded.
The hound bites you. The hound bites you but does no damage.
You closely miss the hound.
The hound is moderately wounded.
You block the hound's attack. The hound closely misses you.
You closely miss the hound.
The hound is moderately wounded.
You block the hound's attack. The hound bites you but does no damage.
You barely miss the hound.
The hound is moderately wounded.
You block the hound's attack. x2
You hit the hound.
The hound is heavily wounded.
The hound barely misses you. The hound bites you but does no damage.
You closely miss the hound.
The hound is heavily wounded.
The hound barely misses you. The hound bites you but does no damage.
You barely miss the hound.
The hound is heavily wounded.
The hound bites you but does no damage. The hound barely misses you.
You slash the hound!
You kill the hound!
No target in view!
You see here 4 stones.
You sense a monster nearby.
g - 8 atropa-tipped darts (gained 2)
You open the door.
A two-headed ogre comes into view.
It is wielding two +0 giant spiked clubs.
The two-headed ogre shouts in stereo!
You hear an angry hiss.
You barely miss the two-headed ogre. The two-headed ogre closely misses you.
The two-headed ogre hits you with a +0 giant spiked club!!
You closely miss the two-headed ogre.
The two-headed ogre hits you with a +0 giant spiked club!!
Ouch! That really hurt!
You die...

# # # # {{
.# .# ...
##### ##.#
......####
......O@.#
......##.#
..... #.#
.... #.#
### #.#
#.# #.#
#.# #.#


You could see a two-headed ogre.

Vanquished Creatures
  A scorpion (D:4)
  A hound (D:4)
  An orc priest (D:4)
  An iguana (D:4)
  Robin (D:2)
  3 adders
  A worm (D:3)
  3 dart slugs (D:1)
  6 orcs (D:4)
  9 ball pythons
  4 endoplasms
  3 giant cockroaches
  16 goblins
  3 hobgoblins
  6 jackals
  A quokka (D:2)
  3 bats
  4 frilled lizards
  5 kobolds
  5 rats
77 creatures vanquished.

Notes
Turn   | Place    | Note
-------+----------+-------------------------------------------
     0 | D:1      | GorkyZ the Formicid Fighter began the quest for the Orb.
     0 | D:1      | Reached XP level 1. HP: 18/18 MP: 1/1
   172 | D:1      | Found a faded altar of an unknown god.
   309 | D:1      | Found Xehuquf's Assorted Antiques.
   379 | D:1      | Reached XP level 2. HP: 15/24 MP: 2/2
   739 | D:1      | Reached XP level 3. HP: 23/29 MP: 3/3
  1162 | D:2      | Noticed Robin
  1172 | D:2      | Killed Robin
  1173 | D:2      | Reached XP level 4. HP: 11/35 MP: 4/4
  1174 | D:2      | Reached skill level 1 in Throwing
  1411 | D:2      | Reached skill level 1 in Evocations
  1707 | D:2      | Reached skill level 1 in Polearms
  1940 | D:2      | Found a runed translucent door.
  1941 | D:2      | Noticed Crazy Yiuf
  2362 | D:3      | Found Watuesicw's Assorted Antiques.
  2389 | D:3      | Found Rokhlesi's Armour Shoppe.
  2548 | D:3      | Reached skill level 1 in Dodging
  2565 | D:3      | Found Vihodgh's Antique Armour Shoppe.
  2573 | D:3      | Reached XP level 5. HP: 41/41 MP: 5/5
  2679 | D:3      | Found Quofix's Assorted Antiques.
  2929 | D:3      | Found Rionnost's Armour Boutique.
  3204 | D:4      | Reached XP level 6. HP: 16/48 MP: 6/6
  3403 | D:4      | Found Vyly's Overcharged Wands.
  3771 | D:4      | Noticed a two-headed ogre
  3773 | D:4      | Slain by a two-headed ogre

Illustrated notes

Levels and vault maps discovered:
D:1:      nicolae_arrival_washed_ashore, layout_loops_corners, serial_shops,
          shop, shapermc_ecumenical_altar_starsandcircs,
          corexii_leaking_fountain
D:2:      layout_basic, uniq_robin, uniq_crazy_yiuf_cottage
D:3:      layout_loops_ring, serial_shops, shop, nicolae_shop_trees,
          nicolae_square_shop, shop, shop, kennysheep_path_1
D:4:      layout_basic, nicolae_gozag_zags_fifth_avenue,
          nicolae_wu_jian_immortal_techniques, nicolae_shop_overcharged_wands

Skill      XL: |  1  2  3  4  5 |
---------------+----------------+-----
Throwing       | 1 |  1.8
Evocations     | 1 |  1.7
Polearms       | 1 |  1.5
Dodging        | 1 |  1.4
Axes           | 3 |  3.4
Fighting       | |  3.9
Armour         | |  3.9
Shields        | |  4.8

Action                   |  1- 3 |  4- 6 || total
-------------------------+-------+-------++-------
Melee: War axe           |    70 |   150 ||   220
Armor: Scale mail        |    39 |    43 ||    82
Dodge: Dodged            |    61 |    89 ||   150
Block: Buckler           |    28 |    82 ||   110
